 Dungeon Crawl Stone Soup version 0.24.0-13-gcf9b319 (webtiles) character file.

Game seed: 14071140840088126637, levelgen mode: deterministic

102 Fang the Skirmisher (level 4, -21/29 HPs)
             Began as a Gargoyle Berserker on Nov 11, 2019.
             Was a Believer of Trog.
             Demolished by an ogre
             ... wielding a +0 giant club
              (29 damage)
             ... on level 4 of the Dungeon.
             The game lasted 00:01:56 (2365 turns).

Fang the Skirmisher (Gargoyle Berserker)            Turns: 2365, Time: 00:01:57

Health: -21/29     AC:  5    Str: 21    XL:     4   Next: 78%
Magic:  4/4        EV: 12    Int:  8    God:    Trog [**....]
Gold:   193        SH:  0    Dex:  9    Spells: 3/3 levels left

rFire    . . .     SeeInvis .   a - +0 hand axe
rCold    . . .     Gourm    .   (no shield)
rNeg     + . .     Faith    .   b - +0 animal skin
rPois    ∞         Spirit   .   (no helmet)
rElec    +         Reflect  .   (no cloak)
rCorr    .         Harm     .   (no gloves)
MR       ++...                  (no boots)
Stlth    +.........             (no amulet)
HPRegen  1.09/turn              (no ring)
MPRegen  0.09/turn              (no ring)

@: berserk cooldown, regenerating, slowed, very slow
A: negative energy resistance 1, electricity resistance, unbreathing,
petrification resistance, rot immunity, AC +3
a: Berserk, Trog's Hand, Renounce Religion


You were on level 4 of the Dungeon.
You worshipped Trog.
Trog was pleased with you.
You were very hungry.

You visited 1 branch of the dungeon, and saw 4 of its levels.

You collected 193 gold pieces.

Inventory:

Hand Weapons
 a - a +0 hand axe (weapon)
Armour
 b - a +0 animal skin (worn)
Jewellery
 l - an uncursed amulet of harm {unknown}
Scrolls
 e - 3 scrolls of noise {unknown}
 i - 3 scrolls of identify {unknown}
 j - a scroll of blinking {unknown}
 k - a scroll of fear {unknown}
Potions
 f - a potion of agility {unknown}
 g - a potion of haste {unknown}
 h - a potion of cancellation {unknown}
Comestibles
 c - 6 rations
 d - 2 chunks of flesh


   Skills:
 + Level 4.1 Fighting
 + Level 3.3 Axes
 + Level 3.2 Armour
 + Level 2.3 Dodging


You had 3 spell levels left.
You didn't know any spells.
Your spell library was empty.

Dungeon Overview and Level Annotations

Branches:
Dungeon (4/15)
 Temple: D:4-7

Altars:
Ru
Sif Muna

Annotations:
D:4 Sigmund


Innate Abilities, Weirdness & Mutations

You are resistant to torment.
Your stone body is resilient. (AC +3)
You are immune to poison.
You resist negative energy. (rN+)
You are resistant to electric shocks. (rElec)
You can survive without breathing.
You are immune to petrification.
You are immune to rotting.


Message History

You are too injured to fight recklessly!
You are too injured to fight recklessly!
You are too injured to fight recklessly!
You are no longer berserk.
You are exhausted.
You feel yourself slow down. The jackal completely misses you.
The jackal bites you but does no damage.
The phantom misses you. The jackal bites you. The phantom hits you.
* * * LOW HITPOINT WARNING * * *
The phantom blinks!
The jackal bites you but does no damage.
Sigmund misses you.
Your skin crawls.
You feel resistant to hostile enchantments.
You are feeling very hungry.
The jackal barely misses you.
The ogre hits you with a +0 giant club!!
Ouch! That really hurt!
You die...

#..... #.........# ......
........... #.....
.........#.##
#.....####............
.................##.##.
......................
..........O.........#
.........@h@........#.. .#
......†...l.....#.<.... ..
..........l............
.##
.....W..........#####.....
.......########..........#
....... #.########.#
......⌠ #..........#
....... #.#######..#
#..##<..#..#


You could see a phantom, Sigmund, an ogre, an iguana, a leopard gecko and a
jackal.

Vanquished Creatures
  4 adders
  3 worms
  4 leopard geckos
  An orc (D:3)
  A giant cockroach (D:2)
  6 hobgoblins
  A jackal (D:4)
  4 kobolds
  3 quokkas (D:2)
  3 ball pythons (D:1)
  4 bats
  4 frilled lizards
  9 goblins
  5 rats
52 creatures vanquished.

Vanquished Creatures (others)
  A worm (D:4)
  A dart slug (D:4)
  A quokka (D:4)
3 creatures vanquished.

Grand Total: 55 creatures vanquished

Notes
Turn   | Place    | Note
-------+----------+-------------------------------------------
     0 | D:1      | Fang the Gargoyle Berserker began the quest for the Orb.
     0 | D:1      | Reached XP level 1. HP: 14/14 MP: 1/1
   114 | D:1      | Reached XP level 2. HP: 17/19 MP: 2/2
   860 | D:2      | Reached XP level 3. HP: 18/23 MP: 3/3
  1120 | D:2      | Reached ** piety under Trog
  1133 | D:2      | Reached XP level 4. HP: 16/29 MP: 4/4
  1469 | D:2      | Found a sacrificial altar of Ru.
  1621 | D:3      | Reached skill level 4 in Fighting
  1758 | D:3      | Found a shimmering blue altar of Sif Muna.
  2348 | D:4      | Noticed a phantom
  2352 | D:4      | Noticed Sigmund
  2352 | D:4      | Noticed an ogre
  2365 | D:4      | Demolished by an ogre

Levels and vault maps discovered:
D:1:      mainiacjoe_arrival_reflecting_pool, layout_basic,
          minmay_misc_feat_rows, chequers_avenue, minmay_crystal_water,
          minmay_shallow_snake_nest
D:2:      layout_loops_ring, nicolae_ru_path_of_blood
D:3:      layout_basic, lemuel_crystal_altar
D:4:      black_bear_nest_1, layout_basic, nicolae_overflow_hidden_temple,
          kiku_gazebo_pond_becter, xom_confusion_cloud, uniq_sigmund

Skill      XL: |  1  2  3  4 |
---------------+-------------+-----
Axes           | 3 |  3.3
Dodging        | 2 |  2.3
Armour         | 3 |  3.2
Fighting       | 4 |  4.1

Action                   |  1- 3 |  4- 6 || total
-------------------------+-------+-------++-------
Melee: Hand axe          |    97 |    81 ||   178
Invok: Berserk           |     1 |     1 ||     2
       Trog's Hand       |       |     1 ||     1
  Eat: Chunk             |     1 |     5 ||     6
Armor: Animal skin       |    40 |    27 ||    67
Dodge: Dodged            |    69 |    47 ||   116
